 Dungeon Crawl Stone Soup version 0.21-a0-142-gdd972a7 (webtiles) character file.

66 RoystonVasey the Magician (level 3, -4/24 HPs)
             Began as a Mummy Wizard on July 22, 2017.
             Slain by Crazy Yiuf
             ... wielding a +4 quarterstaff of chaos
              (9 damage)
             ... on level 2 of the Dungeon.
             The game lasted 00:07:34 (3928 turns).

RoystonVasey the Magician (Mummy Wizard)            Turns: 3928, Time: 00:07:35

Health: -4/24      AC:  2    Str: 10    XL:     3   Next: 96%
Magic:  0/9        EV: 12    Int: 18    God:
Gold:   171        SH:  0    Dex: 10    Spells: 2/12 levels left

rFire    . . .     SeeInvis .   g - -2 short sword (curse)
rCold    + . .     Gourm    .   (no shield)
rNeg     + + +     Faith    .   a - +0 robe
rPois    ∞         Spirit   +   b - +0 hat
rElec    .         Reflect  .   (no cloak)
rCorr    +         Harm     .   (no gloves)
MR       .....                  (no boots)
Stlth    ++........             h - amulet of guardian spirit
HPRegen  0.08/turn              e - ring of resist corrosion
MPRegen  0.11/turn              l - ring of protection from fire

@: no status effects
A: no food or potions, fire vulnerability, cold resistance 1, negative energy
resistance 3, torment resistance, unbreathing
a: no special abilities


You were on level 2 of the Dungeon.
You were not hungry.

You visited 1 branch of the dungeon, and saw 2 of its levels.

You collected 171 gold pieces.

Inventory:

Hand Weapons
 g - a cursed -2 short sword (weapon)
Missiles
 d - 91 stones (quivered)
 f - 12 sling bullets
Armour
 a - a +0 robe (worn)
 b - a +0 hat (worn)
Jewellery
 e - a ring of resist corrosion (left hand)
 h - an amulet of guardian spirit (around neck)
 k - an uncursed ring of teleportation
 l - a ring of protection from fire (right hand)
Scrolls
 i - 2 scrolls of identify
 j - 2 scrolls of immolation
 m - a scroll of teleportation
 n - a scroll of remove curse
Books
 c - a book of Minor Magic

   Spells                             Type                      Level
   a - Magic Dart                     Conjuration                  1
   b - Blink                          Translocation                2
   c - Call Imp                       Summoning                    2
   d - Slow                           Hexes                        2
   e - Conjure Flame                  Conjuration/Fire             3
   f - Mephitic Cloud                 Conjuration/Poison/Air       3


   Skills:
 - Level 1.5 Dodging
 - Level 1.5 Stealth
 + Level 5.0 Spellcasting
 - Level 1.5 Conjurations
 + Level 1.9 Summonings
 - Level 0.7 Translocations


You had 2 spell levels left.
You knew the following spells:

 Your Spells              Type           Power        Failure   Level  Hunger
a - Magic Dart            Conj           ##..         7%          1    N/A
b - Call Imp              Summ           ##......     9%          2    N/A
c - Blink                 Tloc           N/A          16%         2    N/A
d - Slow                  Hex            #.......     21%         2    N/A
e - Conjure Flame         Conj/Fire      #.......     28%         3    N/A

Dungeon Overview and Level Annotations

Branches:
Dungeon (2/15)

Altars:
Dithmenos

Annotations:
D:2 Crazy Yiuf


Innate Abilities, Weirdness & Mutations

You do not eat or drink.
Your flesh is vulnerable to fire.
You are immune to poison.
Your flesh is cold resistant. (rC+)
You are immune to negative energy. (rN+++)
You are immune to unholy pain and torment.
You can survive without breathing.


Message History

Crazy Yiuf waves his quarterstaff at you.
Crazy Yiuf hits you with a quarterstaff of chaos!
Ouch! That really hurt!
Your shadow imp hits the bush but does no damage.
Unknown command.
Your shadow imp hits the bush but does no damage.
Your white imp barely misses Crazy Yiuf.
Crazy Yiuf hits you with a quarterstaff of chaos.
* * * LOW HITPOINT WARNING * * *
Crazy Yiuf freezes you.
* * * LOW HITPOINT WARNING * * *
Unknown command.
Unknown command.
Crazy Yiuf closely misses you.
Unknown command.
Crazy Yiuf screams, "Cake bush sallow!"
Unknown command.
Crazy Yiuf laughs, "Orb down cloud!"
Crazy Yiuf hits you with a quarterstaff of chaos!
You die...

.#.#########.# ...# #.# ###### #
.[## #.# ##.#.P# ###)) ..# #.#
#....5#####)')) ### #.#
##....P.)#)g##)) # #[#
#..##.P)#)### # ## #.#
#.######### .## ##.#####5# ..##
###.....@g[# ###### #### ...##
##.....###### ##.##.###...
....####......########...........
....+............................
....####...###########...#.##....
...## ##..# ##.##.###...
....######.####### ####.# ##..
.#..##...........# #.# ##.
###......#.#####.# ######.# ##


You could see Crazy Yiuf and a friendly white imp.

Vanquished Creatures
  An adder (D:2)
  2 leopard geckos (D:1)
  A ball python (D:2)
  8 bats
  2 giant cockroaches (D:1)
  2 goblins (D:1)
  3 hobgoblins
  2 frilled lizards
  3 kobolds
  7 rats
  2 fungi (D:2)
33 creatures vanquished.

Vanquished Creatures (collateral kills)
  2 adders (D:2)
  2 worms (D:2)
  A dart slug (D:2)
  2 leopard geckos (D:2)
  A giant cockroach (D:2)
  2 hobgoblins (D:2)
  A bat (D:2)
  A frilled lizard (D:2)
  A kobold (D:2)
13 creatures vanquished.

Grand Total: 46 creatures vanquished

Notes
Turn   | Place    | Note
-------+----------+-------------------------------------------
     0 | D:1      | RoystonVasey the Mummy Wizard began the quest for the Orb.
     0 | D:1      | Reached XP level 1. HP: 13/13 MP: 5/5
    76 | D:1      | Reached skill level 1 in Conjurations
   406 | D:1      | Reached XP level 2. HP: 19/19 MP: 0/7
   554 | D:1      | Learned a level 2 spell: Call Imp
   557 | D:1      | Learned a level 2 spell: Blink
   560 | D:1      | Learned a level 2 spell: Slow
   832 | D:1      | Reached skill level 1 in Summonings
  1585 | D:2      | Reached XP level 3. HP: 15/24 MP: 1/9
  1718 | D:2      | Learned a level 3 spell: Conjure Flame
  2828 | D:2      | Found a shadowy altar of Dithmenos.
  3741 | D:2      | Reached skill level 5 in Spellcasting
  3899 | D:2      | Found a runed door.
  3903 | D:2      | Noticed Crazy Yiuf
  3928 | D:2      | Slain by Crazy Yiuf

Vault maps used:
D:1:      grunt_arrival_crossed_arrows, grunt_decor_arrowhead
D:2:      nicolae_dithmenos_shadow_blocks, uniq_crazy_yiuf_cottage

Skill      XL: |  1  2  3 |
---------------+----------+-----
Conjurations   | 1 |  1.5
Summonings     | 1 |  1.9
Spellcasting   | 5 |  5.0
Dodging        | |  1.5
Stealth        | |  1.5
Translocations | |  0.7

Action                   || total
-------------------------++-------
Melee: Unarmed           ||    20
       Short sword       ||    57
Throw: Stone             ||     6
 Cast: Magic Dart        ||    71
       Call Imp          ||    26
  Use: Scroll            ||     6
Armor: Robe              ||    10
Dodge: Dodged            ||    46
